 Dungeon Crawl Stone Soup version 0.29.1-13-g9f3cf754e1 (webtiles) character file.

Game seed: 17872295964536048632

221 Exodus22XD the Covered (level 5, 47/47 HPs)
             Began as a Minotaur Fighter on Feb 4, 2023.
             Was a Follower of Yredelemnul.
             Quit the game on level 2 of the Dungeon.
             The game lasted 00:01:03 (1702 turns).

Exodus22XD the Covered (Minotaur Fighter)           Turns: 1702, Time: 00:01:04

Health: 47/47      AC:  8    Str: 23    XL:     5   Next: 65%
Magic:  4/4        EV:  9    Int:  5    God:    Yredelemnul [*.....]
Gold:   60         SH:  4    Dex:  9    Spells: 4/4 levels left

rFire   . . .      SeeInvis .   a - +0 war axe
rCold   + . .      Faith    .   c - +0 buckler
rNeg    + . .      Spirit   .   b - +0 scale mail
rPois   .          Reflect  .   (helmet restricted)
rElec   .          Harm     .   k - +0 cloak
rCorr   .          Rampage  .   (no gloves)
Will    .....                   (no boots)
Stlth   ..........              (no amulet)
HPRegen 0.15/turn               f - ring of positive energy
MPRegen 0.09/turn               n - ring of protection from cold

@: no status effects
A: horns 2, retaliatory headbutt
a: Renounce Religion, Recall Undead Harvest


You were on level 2 of the Dungeon.
You worshipped Yredelemnul.
Yredelemnul was noncommittal.
You visited 1 branch of the dungeon, and saw 2 of its levels.

You collected 60 gold pieces.

Inventory:

Hand Weapons
 a - a +0 war axe (weapon)
Armour
 b - a +0 scale mail (worn)
 c - a +0 buckler (worn)
 k - a +0 cloak (worn)
Jewellery
 f - a ring of positive energy (left hand)
 n - a ring of protection from cold (right hand)
Scrolls
 d - a scroll of identify {unknown}
 g - a scroll of silence {unknown}
 h - a scroll of fear {unknown}
 i - a scroll of magic mapping {unknown}
 o - a scroll of butterflies {unknown}
Potions
 e - a potion of resistance {unknown}
 j - 2 potions of berserk rage {unknown}
 l - 2 potions of heal wounds {unknown}
 m - a potion of mutation {unknown}


   Skills:
 + Level 4.4 Fighting
 + Level 5.1 Axes
 + Level 5.1 Armour
 + Level 4.2 Shields


You had 4 spell levels left.
You didn't know any spells.
Your spell library was empty.

Dungeon Overview and Level Annotations

Branches:
Dungeon (2/15)

Altars:
Yredelemnul


Innate Abilities, Weirdness & Mutations

You have a pair of horns on your head.
You reflexively headbutt those who attack you in melee.


Message History

You block the adder's attack. The adder barely misses you.
An adder is nearby!
You slash the adder!
You kill the adder!
No target in view!
d - a scroll labelled GOM IWACETANK You see here an adder corpse.
No target in view!
A giant cockroach comes into view.
Found a club.
A giant cockroach is nearby!
A giant cockroach is nearby!
The giant cockroach closely misses you.
The giant cockroach bites you but does no damage.
You slash the giant cockroach!
You kill the giant cockroach!
Found a faded altar of an unknown god.
No target in view!
You enter the shallow water.
Moving in this stuff is going to be slow.
You now have 58 gold pieces (gained 1).
You now have 59 gold pieces (gained 1).
There is a faded altar of an unknown god here.
You enter the shallow water.
Moving in this stuff is going to be slow.
You now have 60 gold pieces (gained 1).
Key pressed, stopping explore.
No target in view!
No target in view!
No target in view!
o - a scroll labelled YJISAC QOCUNAD No target in view!
You enter the shallow water.
Moving in this stuff is going to be slow.
There is a faded altar of an unknown god here.
You cannot tell which god this altar belongs to.
Convert to them anyway?
Yredelemnul accepts your prayer! Yredelemnul welcomes you!
You can now reap souls.
You can now recall your undead harvest.
Are you sure you want to abandon this character and quit the game? (Confirm with "yes".)

+. #.## .... ....#
.....##########
.....#.......#
#...Z.....#
#.#.~~Z.....#
#...~@~Z....#
##..~Z~.....# ####
##.........# #...
###.......# #...
#.......#######...
#...............##
...##########.....##
... #.....## #...
#.......


You could see a friendly bat zombie, 2 friendly ball python zombies and a
friendly giant cockroach zombie.

Vanquished Creatures
  Sigmund (D:2)
  An adder (D:2)
  A dart slug (D:1)
  A ball python (D:1)
  3 endoplasms (D:1)
  A giant cockroach (D:2)
  4 goblins
  2 hobgoblins
  8 kobolds (D:1)
  9 bats
  2 frilled lizards
  4 rats (D:1)
37 creatures vanquished.

Vanquished Creatures (others)
  2 plants (D:1)
2 creatures vanquished.

Grand Total: 39 creatures vanquished

Notes
Turn   | Place    | Note
-------+----------+-------------------------------------------
     0 | D:1      | Exodus22XD the Minotaur Fighter began the quest for the
                  | Orb.
     0 | D:1      | Reached XP level 1. HP: 19/19 MP: 0/0
   265 | D:1      | Reached XP level 2. HP: 27/27 MP: 1/1
   834 | D:1      | Reached XP level 3. HP: 32/33 MP: 2/2
  1195 | D:2      | Noticed Sigmund
  1205 | D:2      | Killed Sigmund
  1206 | D:2      | Reached skill level 5 in Axes
  1206 | D:2      | Reached skill level 5 in Armour
  1206 | D:2      | Reached XP level 4. HP: 7/41 MP: 3/3
  1206 | D:2      | Reached XP level 5. HP: 8/47 MP: 4/4
  1681 | D:2      | Found a faded altar of an unknown god.
  1701 | D:2      | Prayed at the altar of an unknown god.
  1701 | D:2      | Became a worshipper of Yredelemnul the Dark
  1701 | D:2      | Reached * piety under Yredelemnul
  1702 | D:2      | Quit the game

Illustrated notes

Levels and vault maps discovered:
D:1:      dpeg_arrival_court, layout_loops_corners, lexackson_kobold_supper
D:2:      layout_basic, hellmonk_ecumenical_altar_pennies_from_heaven,
          basic_altar, minmay_tree_intersection, minmay_misc_feat_x,
          uniq_sigmund, uniq_terence

Skill      XL: |  1  2  3 |
---------------+----------+-----
Armour         | 4 5 |  5.1
Fighting       | 4 |  4.4
Shields        | 4 |  4.2
Axes           | 5 |  5.1

Action                   |  1- 3 |  4- 6 || total
-------------------------+-------+-------++-------
Melee: War axe           |    60 |     5 ||    65
       Headbutt          |     3 |       ||     3
  Use: Potion            |     1 |       ||     1
Armor: Scale mail        |    32 |     3 ||    35
Dodge: Dodged            |    26 |     2 ||    28
Block: Buckler           |    11 |     1 ||    12
